AoeStats
← Long John Silver

African Clearing

506692398Analyzed
4v4 RM · 18d ago on Sep 14, 2026· 56m 16s· 8 players
Game mode
Random Map
Map size
Large (8 player)
Population
200
Speed
Normal
Resources
Standard
Victory
Conquest
Starting age
Dark Age
Ending age
Imperial Age
RankedLock teamsTeams togetherTeam positionsShared explorationLock speedFull tech treeHidden civsTurbo modeCheats
Victory
Defeat
🇧🇷 Burgundians · Brazil
1419
+15
🇩🇪 Britons · Germany
1414
+16
🇨🇴 Saracens · Colombia
1407
+16
🇬🇧 Magyars · United Kingdom
1363
+18
🇫🇷 Vikings · France
1485
-20
🇧🇪 Poles · Belgium
1415
-17
🇫🇷 Slavs · France
1359
-14
🇫🇷 Turks · France
1357
-14
T91Official
9:38 Loom
11:49 Feudal Age
12:29 Double-Bit Axe
19:52 Castle Age
18:01 Gold Mining
18:38 Fletching
19:23 Horse Collar
20:53 Wheelbarrow
20:45 Crossbowman
23:31 Bodkin Arrow
26:29 Padded Archer Armor
28:40 Ballistics
29:39 Leather Archer Armor
33:26 Gold Shaft Mining
33:02 Bow Saw
34:03 Elite Skirmisher
36:15 Treadmill Crane
38:18 Thumb Ring
43:24 Hand Cart
45:24 Husbandry
45:37 Stone Mining
48:29 Imperial Age
46:55 Herbal Medicine
47:23 Masonry
47:15 Heavy Plow
48:42 Elite Mameluke
49:45 Conscription
50:35 Chemistry
49:58 Bloodlines
49:52 Bracer
51:00 Ring Archer Armor
51:08 Siege Engineers
51:42 Redemption
51:59 Murder Holes
52:32 Bimaristan
53:30 Guard Tower
53:26 Arrowslits
53:35 Capped Ram
55:18 Keep
55:16 Coinage
MRJ
5:58 Loom
12:45 Feudal Age
17:08 Castle Age
16:06 Scale Barding Armor
15:51 Horse Collar
16:42 Double-Bit Axe
30:35 Chain Barding Armor
30:40 Husbandry
37:45 Wheelbarrow
40:25 Bloodlines
43:09 Town Watch
43:40 Hand Cart
48:39 Imperial Age
46:46 Corvinian Army
51:11 Plate Barding Armor
50:47 Light Cavalry
51:54 Conscription
52:04 Fletching
53:57 Hussar
Hakka1_90
7:22 Double-Bit Axe
14:30 Feudal Age
13:04 Gold Mining
18:06 Castle Age
16:29 Bow Saw
16:22 Horse Collar
17:16 Heavy Plow
18:11 Loom
19:26 Cavalier
26:58 Fletching
Long John Silver
5:48 Loom
12:36 Feudal Age
16:24 Castle Age
14:16 Double-Bit Axe
17:27 Bow Saw
16:58 Horse Collar
18:14 Wheelbarrow
17:24 Town Watch
17:59 Heavy Plow
23:29 Stone Mining
24:24 Gold Mining
31:07 Imperial Age
28:35 Fletching
29:59 Gold Shaft Mining
29:58 Yeomen
29:53 Bodkin Arrow
29:58 Padded Archer Armor
30:22 Ballistics
31:03 Treadmill Crane
31:33 Masonry
31:11 Elite Longbowman
32:12 Conscription
33:00 Chemistry
32:20 Bracer
33:36 Two-Man Saw
33:59 Hoardings
33:55 Architecture
33:54 Pikeman
35:32 Scale Barding Armor
35:43 Leather Archer Armor
35:38 Forging
36:21 Husbandry
35:42 Light Cavalry
36:43 Chain Barding Armor
38:22 Ring Archer Armor
38:06 Warwolf
38:48 Siege Engineers
39:42 Plate Barding Armor
39:43 Iron Casting
39:34 Guilds
47:13 Blast Furnace
48:19 Murder Holes
51:13 Scale Mail Armor
50:33 Pikeman
51:14 Squires
51:50 Halberdier
52:46 Chain Mail Armor
53:09 Hand Cart
54:30 Plate Mail Armor
Rainbow
12:39 Loom
14:26 Feudal Age
18:52 Castle Age
16:58 Double-Bit Axe
16:56 Horse Collar
21:02 Husbandry
21:13 Bloodlines
22:46 Wheelbarrow
22:35 Szlachta Privileges
27:21 Scale Barding Armor
29:25 Chain Barding Armor
32:33 Heavy Plow
33:50 Forging
34:40 Bow Saw
38:27 Wheelbarrow
41:32 Imperial Age
40:07 Iron Casting
41:37 Cavalier
43:21 Blast Furnace
42:16 Light Cavalry
51:40 Winged Hussar
54:41 Lechitic Legacy
Beber
8:03 Loom
13:05 Feudal Age
15:23 Double-Bit Axe
15:21 Horse Collar
18:12 Castle Age
18:25 Pikeman
31:25 Elite Skirmisher
45:23 Bow Saw
46:14 Fletching
46:24 Padded Archer Armor
49:29 Imperial Age
47:41 Wheelbarrow
47:44 Bodkin Arrow
49:18 Leather Archer Armor
49:41 Heavy Plow
50:09 Ballistics
51:21 Chemistry
50:54 Ring Archer Armor
50:59 Hand Cart
51:37 Crop Rotation
52:29 Conscription
53:21 Detinets
53:20 Elite Boyar
54:01 Stone Mining
55:12 Scale Barding Armor
55:18 Forging
Ghalta
10:14 Loom
12:49 Feudal Age
14:58 Double-Bit Axe
18:31 Bloodlines
19:02 Town Watch
21:39 Castle Age
20:33 Bloodlines
22:19 Fletching
22:36 Padded Archer Armor
25:20 Bow Saw
27:05 Bodkin Arrow
30:02 Husbandry
33:33 Gold Mining
35:47 Leather Archer Armor
36:31 Horse Collar
44:17 Imperial Age
42:23 Wheelbarrow
43:50 Thumb Ring
46:22 Imperial Age
48:24 Imperial Age
48:07 Scale Barding Armor
48:13 Forging
48:57 Heavy Plow
49:35 Gold Shaft Mining
49:25 Chain Barding Armor
51:32 Iron Casting
56:32 Imperial Age
[TETU] tachou
12:11 Feudal Age
12:56 Loom
13:44 Double-Bit Axe
13:47 Loom
17:09 Fletching
22:43 Castle Age
21:49 Horse Collar
23:27 Bodkin Arrow
22:53 Crossbowman
24:45 Padded Archer Armor
29:50 Ballistics
36:23 Leather Archer Armor
39:29 Imperial Age
38:28 Elite Skirmisher
40:21 Bracer
39:46 Arbalester
40:58 Conscription
42:41 Bogsveigar
45:19 Bow Saw
45:10 Heavy Plow
47:40 Ring Archer Armor
Connection lost

Rejoining the realm…

Still unreachable

The connection could not be restored.

Session expired

The server has moved on; the page needs a fresh start.